 Dungeon Crawl Stone Soup version 0.13-a0-2519-g3c5fe84 (webtiles) character file.

2532 JogiH the Conjurer (level 9, -6/76 HPs)
             Began as a Djinni Wizard on July 24, 2013.
             Mangled by a troll (8 damage)
             ... on Level 6 of the Dungeon.
             The game lasted 00:37:48 (15557 turns).

JogiH the Conjurer (Djinni Wizard)                 Turns: 15557, Time: 00:37:49

HP  -6/76        AC  4     Str  7      XL: 9   Next: 16%
MP   0/0         EV 12     Int 21      God:
Gold 250         SH  0     Dex 13      Spells:  7 memorised, 10 levels left

Res.Fire  : + + +   See Invis. : .   F - +0,+2 whip (flame)
Res.Cold  : x . .   Warding    : .   H - +1 robe {MR+}
Life Prot.: + + +   Conserve   : .   (no shield)
Res.Poison: .       Res.Corr.  : .   b - +0 wizard hat
Res.Elec. : .       Clarity    : .   r - +0 cloak
Sust.Abil.: . .     Spirit.Shd : +   (no gloves)
Res.Mut.  : .       Stasis     : .   (boots unavailable)
Res.Rott. : .       Flight     : .   x - amulet of guardian spirit
Saprovore : . . .                    n - ring of positive energy {unknown}
                                     e - ring of flight

@: very slightly contaminated, somewhat resistant to hostile enchantments,
unstealthy
A: no striking features
a: Evoke Flight


You were on level 6 of the Dungeon.
You were not hungry.

You visited 1 branch of the dungeon, and saw 6 of its levels.

You collected 230 gold pieces.

Inventory:

Hand weapons
 F - a +0,+2 whip of flaming (weapon)
Missiles
 t - 2 javelins (quivered)
Armour
 b - a +0 wizard hat (worn)
 r - a +0 cloak (worn)
 H - a +1 robe of magic resistance (worn)
Magical devices
 w - a wand of heal wounds (0)
 C - a wand of magic darts (11) {unknown}
 E - a wand of paralysis (2) {unknown}
Scrolls
 d - 2 scrolls of enchant armour {unknown}
 f - 6 scrolls of identify {unknown}
 i - a scroll of random uselessness {unknown}
 l - 2 scrolls of blinking {unknown}
 o - a scroll of enchant weapon I {unknown}
 p - 2 scrolls of amnesia {unknown}
 v - a scroll of curse armour {unknown}
 y - a scroll of remove curse {unknown}
 D - a scroll of noise {unknown}
 G - a scroll of curse jewellery {unknown}
Jewellery
 e - a ring of flight (left hand)
 n - a ring of positive energy (right hand) {unknown}
 x - an amulet of guardian spirit (around neck)
Potions
 a - a potion of degeneration {unknown}
 g - a potion of resistance {unknown}
 h - 4 potions of curing
 j - a potion of heal wounds {unknown}
 k - a potion of cure mutation {unknown}
 m - a potion of confusion {unknown}
 q - 2 potions of might {unknown}
 A - a potion of slowing {unknown}
 B - a potion of brilliance {unknown}
Books
 c - a book of Minor Magic

   Spells                             Type                      Level
   *Magic Dart                        Conjuration                  1
   *Blink                             Translocation                2
   *Call Imp                          Summoning                    2
   *Repel Missiles                    Charms/Air                   2
   *Slow                              Hexes                        2
   *Conjure Flame                     Conjuration/Fire             3
   *Mephitic Cloud                    Conjuration/Poison/Air       3
 u - a Necronomicon {highlevel}

   This book is beyond your current level of understanding.

   Spells                             Type                      Level
   Borgnjor's Revivification          Necromancy                   7
   Haunt                              Necromancy/Summoning         7
   Death's Door                       Charms/Necromancy            8
   Necromutation                      Transmutation/Necromancy     8


   Skills:
 - Level 2.0 Fighting
 - Level 2.0 Dodging
 - Level 2.1 Stealth
 + Level 8.8 Spellcasting
 + Level 9.0 Conjurations
 * Level 3.8 Summonings
 + Level 1.0 Translocations
 - Level 1.0 Fire Magic
 - Level 1.3 Air Magic
 - Level 1.0 Poison Magic


You had 10 spell levels left.
You knew the following spells:

 Your Spells              Type           Power        Failure   Level  Hunger
a - Magic Dart            Conj           ####         1%          1    None
b - Blink                 Tloc           N/A          10%         2    None
c - Call Imp              Summ           ####......   1%          2    None
d - Conjure Flame         Conj/Fire      ####....     2%          3    None
e - Mephitic Cloud        Conj/Pois/Air  ####....     6%          3    None
f - Repel Missiles        Chrm/Air       ##........   12%         2    None
g - Slow                  Hex            #.......     12%         2    None


Dungeon Overview and Level Annotations

Branches:
Dungeon (6/27)
 Temple: D:4-7          Orc: D:6-11

Altars:
Cheibriados
Yredelemnul
Zin


Message History

Aiming: Conjure Flame
Press: ? - help, Dir - move target cursor, p - troll The fire roars!
The centaur unwields an uncursed bow.
The centaur hits the giant eyeball.
The giant eyeball is killed!
The troll is engulfed in roaring flames.
The troll is engulfed in roaring flames.
The troll bites you!
* * * LOW HITPOINT WARNING * * *
The troll claws you but does no damage. The troll claws you.
* * * LOW HITPOINT WARNING * * *
Drink which item? (? for menu, Esc to quit)
You feel better.
It was a potion of curing.
The troll is engulfed in roaring flames.
The troll bites you!
* * * LOW HITPOINT WARNING * * *
The troll claws you!
* * * LOW HITPOINT WARNING * * *
The troll claws you!
You die...

#..#.# #..#.# #.[#.#
#..#.#### #..#....#####
....#######.)#.#......#
.....G..(.(.<#.#.#.....
....###..(####.....#....
#...'.§T@<.(...#
#...####.#.......# #...#
#.#....... ###.#
#.......#. #.#
###...#... #.# .#.. .
#.# ..... .... .


You could see a troll.

Vanquished Creatures
  A hill giant (D:3)
  Pikel (D:4)
  An orc warrior (D:3)
  4 slaves
  A sky beast (D:5)
  3 ogres
  A giant frog (D:6)
  4 wights (D:6)
  3 crimson imps
  An orc priest (D:4)
  An iguana (D:4)
  A scorpion (D:6)
  An orc wizard (D:4)
  4 worker ants (D:4)
  An ogre zombie (D:6)
  Terence (D:2)
  6 adders
  7 gnolls
  A green rat (D:4)
  An inept feature mimic (D:5)
  3 worms
  3 grey rats (D:4)
  A giant eyeball (D:6)
  10 orcs
  3 ball pythons
  5 giant cockroaches
  12 goblins
  13 hobgoblins
  8 jackals
  2 quokkas
  9 bats
  4 giant geckos
  A giant gecko skeleton (D:4)
  3 giant newts
  A hobgoblin skeleton (D:4)
  13 kobolds
  17 rats
  A spectral orc (D:4)
153 creatures vanquished.

Vanquished Creatures (collateral kills)
  Jessica (D:3)
  5 adders
  A giant gecko (D:2)
  An ooze (D:1)
  6 jackals
  A quokka (D:4)
  A giant newt (D:2)
16 creatures vanquished.

Vanquished Creatures (others)
  2 crimson imps
  A white imp (D:4)
3 creatures vanquished.

Grand Total: 172 creatures vanquished

Notes
Turn   | Place    | Note
--------------------------------------------------------------
     0 | D:1      | JogiH, the Djinni Wizard, began the quest for the Orb.
     0 | D:1      | Reached XP level 1. HP: 14/14 MP: 0/0
   174 | D:1      | Reached skill level 4 in Spellcasting
   291 | D:1      | Reached XP level 2. EP: 16/23
   339 | D:1      | Learned a level 2 spell: Blink
   342 | D:1      | Learned a level 2 spell: Call Imp
  1827 | D:2      | Noticed Terence
  2060 | D:2      | Found a glowing silver altar of Zin.
  2061 | D:2      | Found a snail-covered altar of Cheibriados.
  2186 | D:2      | Reached XP level 3. EP: 20/29
  2204 | D:2      | Learned a level 3 spell: Conjure Flame
  2523 | D:2      | Learned a level 3 spell: Mephitic Cloud
  2915 | D:3      | Noticed Jessica
  2923 | D:3      | Killed Jessica
  3207 | D:3      | Reached XP level 4. EP: 15/37
  3960 | D:3      | Reached skill level 5 in Spellcasting
  4639 | D:2      | Killed Terence
  5245 | D:3      | Noticed an orc warrior
  5327 | D:3      | Killed an orc warrior
  5327 | D:3      | Reached XP level 5. EP: 37/44
  6034 | D:4      | Noticed an ogre
  6574 | D:3      | Reached skill level 1 in Air Magic
  6576 | D:3      | Reached skill level 1 in Fire Magic
  6618 | D:3      | Reached XP level 6. EP: 16/53
  8129 | D:3      | Noticed a hill giant
  8138 | D:3      | HP: 1/53 [hill giant/giant spiked club (47)]
  9086 | D:4      | Killed an ogre
  9304 | D:4      | Reached skill level 5 in Conjurations
  9314 | D:4      | Reached skill level 6 in Spellcasting
  9482 | D:4      | Noticed a slave
  9485 | D:4      | Noticed a slave
  9489 | D:4      | Noticed a slave
  9489 | D:4      | Noticed a slave
  9543 | D:3      | Killed a slave
  9688 | D:3      | Killed a hill giant
  9688 | D:3      | Reached skill level 7 in Spellcasting
  9688 | D:3      | Reached XP level 7. EP: 14/60
  9688 | D:3      | Reached XP level 8. EP: 15/67
 10140 | D:4      | Noticed an ogre
 10145 | D:4      | Killed an ogre
 10280 | D:5      | Entered Level 5 of the Dungeon
 11263 | D:4      | Learned a level 2 spell: Repel Missiles
 11266 | D:4      | Learned a level 2 spell: Slow
 11303 | D:4      | Reached skill level 8 in Conjurations
 11413 | D:4      | Killed a slave
 11448 | D:4      | Noticed Pikel
 11558 | D:4      | Killed a slave
 11575 | D:4      | Killed a slave
 12048 | D:4      | Reached skill level 1 in Poison Magic
 12286 | D:4      | Found a basalt altar of Yredelemnul.
 12497 | D:4      | Killed Pikel
 14520 | D:6      | Reached XP level 9. EP: 58/76
 15193 | D:6      | Reached skill level 9 in Conjurations
 15217 | D:6      | Noticed a troll
 15550 | D:6      | Paralysed by a giant eyeball for 2 turns
 15557 | D:6      | HP: 2/76 [troll (11)]
 15557 | D:6      | Mangled by a troll

Action                   |  1- 3 |  4- 6 |  7- 9 || total
-------------------------+-------+-------+-------++-------
Melee: Unarmed           |    22 |    11 |       ||    33
       Spear             |       |    12 |    22 ||    34
       Whip              |       |       |     7 ||     7
 Cast: Magic Dart        |    97 |   182 |   188 ||   467
       Call Imp          |    18 |     8 |     4 ||    30
       Conjure Flame     |     3 |    18 |    31 ||    52
       Mephitic Cloud    |       |    15 |    17 ||    32
       Repel Missiles    |       |       |     1 ||     1
  Use: Potion            |       |     3 |     1 ||     4
 Stab: Confused          |       |       |     1 ||     1
